 Dungeon Crawl Stone Soup version 0.17-a0-1572-g7a1422d (console) character file.

2876 Monkaria the Cleaver (level 9, -7/78 HPs)
             Began as a Deep Dwarf Berserker on July 24, 2015.
             Was a Priest of Trog.
             Mangled by a wyvern (17 damage)
             ... on level 8 of the Dungeon.
             The game lasted 00:12:42 (6673 turns).

Monkaria the Cleaver (Deep Dwarf Berserker)         Turns: 6673, Time: 00:12:42

Health: -7/78      AC:  3    Str: 25    XL:     9   Next: 48%
Magic:  6/7        EV: 12    Int:  9    God:    Trog [***...]
Gold:   407        SH:  0    Dex: 14    Spells: 0 memorised, 8 levels left

rFire  + . .     SeeInvis .     a - +0 hand axe
rCold  . . .     Clarity  .     b - +0 animal skin
rNeg   . . .     SustAt   .     (no shield)
rPois  .         Gourm    .     o - +0 helmet
rElec  .         Spirit   .     (no cloak)
rCorr  .         Warding  .     (no gloves)
rMut   +         Stasis   .     (no boots)
MR     +++..                    h - amulet of resist mutation
Stlth  +.........               m - +4 ring of strength
                                v - ring of protection from fire

@: non-regenerating, extremely resistant to hostile enchantments, very
unstealthy
A: damage resistance, recharge devices, sense surroundings 2, slow healing 3
a: Device Recharging, Burn Spellbooks, Berserk, Trog's Hand, Renounce Religion


You were on level 8 of the Dungeon.
You worshipped Trog.
Trog was most pleased with you.
You were not hungry.

You visited 1 branch of the dungeon, and saw 8 of its levels.

You collected 407 gold pieces.

Inventory:

Hand weapons
 a - a +0 hand axe (weapon)
Missiles
 k - 24 poisoned needles
 q - 3 tomahawks (quivered)
Armour
 b - a +0 animal skin (worn)
 o - a +0 helmet (worn)
Jewellery
 h - an amulet of resist mutation (around neck)
 l - an uncursed ring of fire
 m - a +4 ring of strength (right hand)
 s - an uncursed ring of magical power
 u - an uncursed ring of flight
 v - a ring of protection from fire (left hand)
 w - an uncursed amulet of stasis
 x - an uncursed ring of see invisible
 E - an uncursed ring of sustain attributes
Magical devices
 c - a wand of heal wounds (4)
 A - a wand of confusion (19)
 F - a wand of draining (1)
 G - a wand of lightning (7)
 H - a wand of digging (16)
Scrolls
 g - 3 scrolls of recharging
 j - 4 scrolls of enchant armour
 r - a scroll of remove curse {unknown}
 t - 2 scrolls of teleportation
 y - a scroll of magic mapping
 B - a scroll of fog
 C - a scroll of amnesia {unknown}
 K - a scroll of enchant weapon {unknown}
 N - a scroll of immolation {unknown}
Potions
 e - a potion of haste
 f - a potion of flight
 n - 2 potions of agility
 J - 2 potions of curing
 M - 2 potions of cancellation
 O - a potion of might
Comestibles
 d - 8 bread rations
 p - 2 chunks of flesh
 z - 2 meat rations
 D - 4 beef jerkies
 I - 3 fruits
 L - 7 slices of pizza


   Skills:
 - Level 4.0 Fighting
 + Level 13.7 Axes
 - Level 2.1 Armour
 - Level 2.1 Dodging


You had 8 spell levels left.
You didn't know any spells.

Dungeon Overview and Level Annotations

Branches:
Dungeon (8/15)             Temple (0/1) D:4
   Lair: D:8-11

Altars:
Ashenzari
Dithmenos
Gozag
Kikubaaqudgha
Qazlal
Xom

Shops:
D:4 }


Innate Abilities, Weirdness & Mutations

You are resistant to damage.
You can recharge devices by infusing magical energy.
You passively map the area around you.
You do not heal naturally.


Message History

The wyvern barely misses you.
Use which ability? (? or * to list)
Your skin crawls.
You feel resistant to hostile enchantments.
You feel slightly more hungry. The wyvern misses you. The wyvern bites you!
* * * LOW HITPOINT WARNING * * *
Evoke which item? (* to show all) (? for menu, Esc to quit)
This wand has no charges.
Unknown command.
Unknown command.
Drink which item? (? for menu, Esc to quit)
You feel much better. The wyvern bites you!
* * * LOW HITPOINT WARNING * * *
Use which ability? (? or * to list) Charge which item? (? for menu, Esc to quit)
Your wand of heal wounds (0) glows for a moment and now has 4 charges.
The wyvern bites you!
* * * LOW HITPOINT WARNING * * *
The wyvern bites you!!
You die...

## ###. * ####...,
####...P.### * * *
*#....P...#.# , ** *
, #...P,.....# , , *
,,+..P.,#l...#, , *,
** #..P.##@._.# , **
+#..P.P#....# * , ,
, ,#..........#, . ,
, , #..P.....#.#,.#
* , *,
#...P..PP###.# ,
#......PP....# , , ,
, , , +............+
, * #............##
*+ *, *
##+#########........
,,


You could see a wyvern.

Vanquished Creatures
  Pikel (D:7)
  A hog (D:7)
  A human (D:7)
  A sky beast (D:6)
  2 ogres
  A necrophage (D:7)
  A slave (D:7)
  A phantom (D:5)
  A black bear (D:7)
  An ice beast (D:7)
  An eye of draining (D:8)
  2 centaurs (D:5)
  4 giant frogs
  A big kobold (D:7)
  2 scorpions (D:7)
  A crimson imp (D:6)
  8 orc wizards
  A giant frog skeleton (D:6)
  2 hounds (D:7)
  A gnoll shaman (D:6)
  3 iguanas
  2 orc priests
  2 worker ants (D:6)
  3 sheep (D:7)
  4 gnolls (D:6)
  9 adders
  A shadow imp (D:5)
  4 worms
  18 orcs
  13 goblins
  12 hobgoblins
  6 kobolds
  7 quokkas
  15 bats
  4 giant cockroaches
  4 giant geckos
  7 giant newts
  A quokka skeleton (D:5)
  A quokka zombie (D:5)
  8 rats
158 creatures vanquished.

Vanquished Creatures (others)
  A black bear (D:7)
  A slave (D:7)
  An adder (D:7)
3 creatures vanquished.

Grand Total: 161 creatures vanquished

Notes
Turn   | Place    | Note
--------------------------------------------------------------
     0 | D:1      | Monkaria the Deep Dwarf Berserker began the quest for the Orb.
     0 | D:1      | Reached XP level 1. HP: 20/20 MP: 1/1
   276 | D:1      | Reached XP level 2. HP: 5/28 MP: 2/2
   908 | D:2      | Reached XP level 3. HP: 13/36 MP: 3/3
   929 | D:2      | Reached skill level 4 in Fighting
  1115 | D:2      | Acquired Trog's second power
  1600 | D:3      | Reached XP level 4. HP: 36/44 MP: 4/4
  1710 | D:3      | Reached skill level 5 in Axes
  1710 | D:3      | Reached XP level 5. HP: 31/50 MP: 5/5
  1785 | D:3      | Found a stormy altar of Qazlal.
  1987 | D:3      | Noticed an ogre
  1997 | D:3      | Killed an ogre
  1997 | D:3      | Reached skill level 6 in Axes
  1997 | D:3      | Reached XP level 6. HP: 57/57 MP: 5/5
  2189 | D:4      | Found a staircase to the Ecumenical Temple.
  2236 | D:4      | Reached skill level 7 in Axes
  2796 | D:4      | Found Ciclirib's Gadget Shop.
  2848 | D:5      | Entered Level 5 of the Dungeon
  2905 | D:5      | Reached skill level 8 in Axes
  2905 | D:5      | Reached XP level 7. HP: 39/64 MP: 6/6
  3419 | D:5      | Found a shadowy altar of Dithmenos.
  3454 | D:5      | Reached skill level 9 in Axes
  4121 | D:6      | Reached skill level 10 in Axes
  4132 | D:6      | Reached XP level 8. HP: 37/72 MP: 7/7
  5139 | D:7      | Reached skill level 11 in Axes
  5453 | D:7      | Noticed Pikel
  5468 | D:7      | Killed Pikel
  5468 | D:7      | Reached skill level 12 in Axes
  5468 | D:7      | Gained mutation: You passively map the area around you. [Deep Dwarf growth]
  5468 | D:7      | Reached XP level 9. HP: 53/78 MP: 8/8
  5650 | D:7      | Reached skill level 13 in Axes
  6112 | D:7      | Found a shimmering altar of Xom.
  6114 | D:7      | Found a shattered altar of Ashenzari.
  6117 | D:7      | Found an opulent altar of Gozag.
  6645 | D:8      | Found an ancient bone altar of Kikubaaqudgha.
  6673 | D:8      | Mangled by a wyvern

Vault maps used:
D:1:      lightli_arrival_quake, serial_corexii_hall, corexii_hall_statues_s,
          corexii_hall_statues_t, corexii_hall_statues_t,
          corexii_hall_statues_u, corexii_hall_statues_s, corexii_hall_statues_x
D:2:      minivault_25
D:3:      nicolae_overflow_crystal_walls, kennysheep_potato
D:4:      serial_shops, kennysheep_mini_moat, first_bread, serial_column_ruins,
          column_ruins_columns_water, column_ruins_open_tiny_water,
          column_ruins_columns_straight, column_ruins_open_small_water
D:5:      grunt_dithmenos_shadows
D:6:      grunt_ministairs_5, serial_bayou_pond_d
D:7:      minitemple, grunt_livestock, minmay_curled_crystal, st_stairs_8,
          uniq_pikel
D:8:      kiku_gazebo_garden_becter, david_lair_shrubbed, uniq_joseph,
          uniq_prince_ribbit1

Action                   |  1- 3 |  4- 6 |  7- 9 || total
-------------------------+-------+-------+-------++-------
Melee: Hand axe          |   132 |   177 |   355 ||   664
Invok: Trog's Hand       |     1 |     8 |    18 ||    27
       Berserk           |       |     4 |    11 ||    15
 Abil: Device Recharging |       |     1 |     1 ||     2
Evoke: Wand              |     3 |     1 |    10 ||    14
  Use: Potion            |       |       |    13 ||    13
       Scroll            |       |       |     6 ||     6
 Stab: Sleeping          |     3 |     1 |     1 ||     5
       Confused          |       |       |     1 ||     1
       Distracted        |       |       |     1 ||     1
  Eat: Chunk             |     2 |     4 |    22 ||    28
       Meat ration       |       |     1 |     1 ||     2
